 Dungeon Crawl Stone Soup version 0.26-a0-30-g56b8cd3df0 (webtiles) character file.

Game seed: 13781090538503965093, levelgen mode: deterministic

10 vurker the Magician (level 2, -2/20 HPs)
             Began as a Human Wizard on May 31, 2020.
             Slain by a jackal (3 damage)
             ... on level 1 of the Dungeon.
             The game lasted 00:01:03 (401 turns).

vurker the Magician (Human Wizard)                   Turns: 401, Time: 00:01:03

Health: -2/20      AC:  2    Str:  7    XL:     2   Next: 30%
Magic:  0/6        EV: 12    Int: 18    God:
Gold:   30         SH:  0    Dex: 11    Spells: 6/7 levels left

rFire    . . .     SeeInvis .   (no weapon)
rCold    . . .     Gourm    .   (no shield)
rNeg     . . .     Faith    .   a - +0 robe
rPois    .         Spirit   .   b - +0 hat
rElec    .         Reflect  .   (no cloak)
rCorr    .         Harm     .   (no gloves)
MR       .....                  (no boots)
Stlth    ++........             c - amulet of the acrobat
HPRegen  0.06/turn              (no ring)
MPRegen  0.10/turn              (no ring)

@: no status effects
A: no striking features
a: no special abilities


You were on level 1 of the Dungeon.
You were not hungry.

You visited 1 branch of the dungeon, and saw 1 of its levels.

You collected 30 gold pieces.

Inventory:

Armour
 a - a +0 robe (worn)
 b - a +0 hat (worn)
Jewellery
 c - an amulet of the acrobat (around neck)
   (You found it on level 1 of the Dungeon)
Scrolls
 d - a scroll of teleportation {unknown}
 g - a scroll of enchant armour {unknown}
 i - a scroll of identify {unknown}
 j - a scroll of remove curse {unknown}
Potions
 h - 2 potions of magic {unknown}
 k - a potion of curing {unknown}
Comestibles
 e - 2 rations
 f - a chunk of flesh


   Skills:
 + Level 0.5 Fighting
 - Level 2.0 Dodging
 - Level 2.0 Stealth
 * Level 3.2 Spellcasting
 * Level 1.5 Conjurations
   Level 1.0 Summonings
   Level 1.0 Translocations


You had 6 spell levels left.
You knew the following spells:

 Your Spells              Type           Power        Failure   Level  Hunger
a - Magic Dart            Conj           #...         9%          1    None

Your spell library contained the following spells:

 Spells                   Type           Power        Failure   Level  Hunger
 Blink                    Tloc           N/A          16%         2    ##.....
 Call Imp                 Summ           #.......     16%         2    ##.....
 Slow                     Hex            #.......     24%         2    ##.....
 Conjure Flame            Conj/Fire      #.......     34%         3    ###....
 Mephitic Cloud           Conj/Pois/Air  #.......     36%         3    ###....


Dungeon Overview and Level Annotations

Branches:
Dungeon (1/15)

Altars:


Message History

You barely miss the jackal. The jackal bites you.
You closely miss the jackal. The jackal closely misses you.
The jackal barely misses you.
You don't have enough magic to cast that spell.
You barely miss the jackal. The jackal bites you.
You hit the jackal but do no damage. The jackal misses you.
You hit the jackal. The jackal bites you. The jackal barely misses you.
You hit the jackal. The jackal bites you.
Aim: a jackal (heavily wounded)
The magic dart hits the jackal.
The jackal bites you. The jackal barely misses you.
You hit the jackal. The jackal bites you.
You closely miss the jackal. The jackal bites you.
* * * LOW HITPOINT WARNING * * *
You hit the jackal but do no damage. The jackal bites you.
* * * LOW HITPOINT WARNING * * *
The jackal misses you.
You hit the jackal.
You kill the jackal!
The jackal bites you.
* * * LOW HITPOINT WARNING * * *
You barely miss the jackal. The jackal bites you.
* * * LOW HITPOINT WARNING * * *
You hit the jackal. The jackal barely misses you. x2
You closely miss the jackal. The jackal closely misses you.
Aim: a jackal (heavily wounded)
The magic dart hits the jackal.
The jackal closely misses you.
You closely miss the jackal. The jackal closely misses you. x2
You miss the jackal. The jackal barely misses you.
You closely miss the jackal.
The jackal bites you but does no damage.
The jackal bites you.
* * * LOW HITPOINT WARNING * * *
You closely miss the jackal. The jackal closely misses you.
You closely miss the jackal.
The jackal bites you but does no damage.
You barely miss the jackal. The jackal misses you.
The jackal barely misses you.
You barely miss the jackal. The jackal barely misses you.
You closely miss the jackal. The jackal barely misses you.
The jackal bites you.
* * * LOW HITPOINT WARNING * * *
You hit the jackal. The jackal bites you.
* * * LOW HITPOINT WARNING * * *
Aim: a jackal (heavily wounded)
The magic dart hits the jackal but does no damage.
The jackal misses you.
You hit the jackal but do no damage. The jackal barely misses you.
The jackal bites you.
You die...

#.... #.# #.# ###. #.....#####.#
#.######.
#...........########.......# # #
#.....##..............#####.
#.#. ..#.....#####........# #
#...#######..# #.#####..#
#.#....#.....## ##.#####..####
#.....>#......###............# #
....h.h#.#...hh@...#####..##.##.
#...###..###.........##.#..
##### #..# #...####.#.....# #..#
...# #.#.#...#
#..###.#.####.......#
#...÷.###......≈≈≈≈..
##.###.#.###..≈≈≈≈≈≈. #.
#...###..≈≈≈≈≈≈.
#.##.###....##..≈≈≈≈≈≈.


You could see 2 jackals.

Vanquished Creatures
  A dart slug (D:1)
  A goblin (D:1)
  2 jackals (D:1)
  2 bats (D:1)
  A frilled lizard (D:1)
  2 rats (D:1)
9 creatures vanquished.

Notes
Turn   | Place    | Note
-------+----------+-------------------------------------------
     0 | D:1      | vurker the Human Wizard began the quest for the Orb.
     0 | D:1      | Reached XP level 1. HP: 13/13 MP: 4/4
   294 | D:1      | Reached XP level 2. HP: 18/20 MP: 0/6
   399 | D:1      | HP: 1/20 [jackal (1)]
   401 | D:1      | Slain by a jackal

Illustrated notes

Levels and vault maps discovered:
D:1:      dpeg_arrival_pits, layout_loops_ring

Action                   || total
-------------------------++-------
Melee: Unarmed           ||    33
 Cast: Magic Dart        ||    22
Armor: Robe              ||     7
Dodge: Dodged            ||    32

Table legend:
 A = Non-vault XP
 B = Vault XP
 C = Vault XP percentage of total XP
 D = Non-vault monster count
 E = Vault monster count
 F = Vault count percentage of total count
                 A         B        C        D         E       F
            +---------+---------+-------+---------+---------+-------
      Total |      15 |       0 |   0.0 |       9 |       0 |   0.0
            +---------+---------+-------+---------+---------+-------
        D:1 |      15 |       0 |   0.0 |       9 |       0 |   0.0
            +---------+---------+-------+---------+---------+-------
